 Dungeon Crawl Stone Soup version 0.30-b1-2-g02819fbbbe (webtiles) character file.

Game seed: 10322240597032789007

80 groll the Trooper (level 4, -3/61 HPs)
             Began as a Minotaur Berserker on May 17, 2023.
             Was a Believer of Trog.
             Slain by a gnoll
             ... wielding a +0 halberd
              (9 damage)
             ... on level 2 of the Dungeon.
             The game lasted 00:02:54 (1316 turns).

groll the Trooper (Minotaur Berserker)              Turns: 1316, Time: 00:02:55

Health: -3/61      AC:  5    Str: 23    XL:     4   Next: 18%
Magic:  3/3        EV: 11    Int:  4    God:    Trog [**....]
Gold:   39         SH:  0    Dex: 10    Spells: 3/3 levels left

rFire   . . .        a - +0 hand axe
rCold   . . .        (no shield)
rNeg    . . .        b - +0 ring mail
rPois   .            (helmet restricted)
rElec   .            (no cloak)
rCorr   .            (no gloves)
SInv    .            (no boots)
Will    .....        (no amulet) Stlth
                     (no ring)
HPRegen 0.30/turn    (no ring)
MPRegen 0.08/turn

%: no passive effects
@: berserking (expiring), very quick
A: horns 2, retaliatory headbutt
a: Renounce Religion, Berserk, Trog's Hand


You were on level 2 of the Dungeon.
You worshipped Trog.
Trog was pleased with you.
You visited 1 branch of the dungeon, and saw 2 of its levels.

You collected 39 gold pieces.

Inventory:

Hand Weapons
 a - a +0 hand axe (weapon)
Missiles
 d - 2 throwing nets (quivered)
 g - 2 poisoned darts
Armour
 b - a +0 ring mail (worn)
Scrolls
 e - a scroll of blinking {unknown}
 f - 2 scrolls of identify {unknown}
 h - 2 scrolls of teleportation {unknown}
 i - 2 scrolls of enchant weapon {unknown}
Potions
 c - a potion of might {unknown}
 j - 2 potions of curing {unknown}
 k - a potion of heal wounds {unknown}


   Skills:
 + Level 4.6 Fighting
 + Level 4.5 Axes
 + Level 2.8 Armour
 + Level 2.8 Dodging
 + Level 0.4 Stealth


You had 3 spell levels left.
You didn't know any spells.
Your spell library was empty.

Dungeon Overview and Level Annotations

Branches:
Dungeon (2/15)

Altars:


Innate Abilities, Weirdness & Mutations

You have a pair of horns on your head.
You reflexively headbutt those who attack you in melee.


Message History

You feel a strong urge to attack something.
The gnoll hits you from afar with a +0 spear!
The gnoll hits you with a +0 whip.
You closely miss the gnoll. You headbutt the gnoll!
You kill the gnoll!
Trog accepts your kill.
You feel sick.
You have reached level 4!
You feel agile.
A gnoll comes into view. It is wielding a +0 spear.
You feel sick.
The gnoll shouts!
The gnoll hits you with a +0 spear.
* * * LOW HITPOINT WARNING * * *
The gnoll hits you from afar with a +0 halberd!
* * * LOW HITPOINT WARNING * * *
Things that are here:
a +0 whip; a gnoll corpse You slash the gnoll!
The gnoll is severely wounded.
The gnoll closely misses you. You furiously retaliate!
You headbutt the gnoll!
You kill the gnoll!
Trog accepts your kill. The gnoll barely misses you.
An adder comes into view.
You feel sick.
You are no longer poisoned.
The adder hisses angrily.
You hear an angry hiss.
An adder comes into view.
You see here a +0 spear.
You slash the gnoll! Your headbutt misses the gnoll.
The gnoll is severely wounded.
The gnoll hits you from afar with a +0 spear.
* * * LOW HITPOINT WARNING * * *
The gnoll closely misses you.
You barely miss the gnoll.
The gnoll is heavily wounded.
You slash the adder! The gnoll closely misses you.
The gnoll hits you with a +0 halberd!
You die...

##....... #......>. #
........# # #.
?...#...####
#.#.##..........# #:
#...S.g.........# #.
#..Sg.........# #..##
####@##........ #..#.
#..)...........##..#.
#.....#.##...)....##....
#.....#.##†.......# #...
#+########†######.# ###.
#?...≈ #.# ##.####..
#....≈###.#####........
#....≈#....##.........<
#≈≈≈≈≈#..#.##.##.#.####


You could see 2 gnolls and 2 adders.

Vanquished Creatures
  2 gnolls (D:2)
  2 adders (D:2)
  2 ball pythons (D:2)
  5 bats
  6 endoplasms
  A giant cockroach (D:1)
  3 goblins
  5 hobgoblins
  3 quokkas
  3 frilled lizards
  3 kobolds
  6 rats
41 creatures vanquished.

Notes
Turn   | Place    | Note
-------+----------+-------------------------------------------
     0 | D:1      | groll the Minotaur Berserker began the quest for the Orb.
     0 | D:1      | Reached XP level 1. HP: 19/19 MP: 0/0
   169 | D:1      | Reached XP level 2. HP: 20/27 MP: 1/1
   568 | D:1      | Reached ** piety under Trog
   807 | D:2      | Reached XP level 3. HP: 33/33 MP: 2/2
  1312 | D:2      | Reached XP level 4. HP: 20/41 MP: 3/3
  1316 | D:2      | Slain by a gnoll

Illustrated notes

Levels and vault maps discovered:
D:1:      dpeg_arrival_solitude, layout_basic
D:2:      layout_loops_cross, chequers_serial_rivers_room_a

Skill      XL: |  1  2 |
---------------+-------+-----
Fighting       | 4 |  4.6
Axes           | 4 |  4.5
Armour         | |  2.8
Dodging        | |  2.8
Stealth        | |  0.4

Action                     |  1- 3 |  4- 6 || total
---------------------------+-------+-------++-------
  Melee: Hand axe          |    67 |     3 ||    70
         Headbutt          |    10 |       ||    10
 Invoke: Berserk           |     1 |       ||     1
 Armour: Animal skin       |     7 |       ||     7
         Ring mail         |    13 |       ||    13
  Dodge: Dodged            |    38 |     4 ||    42
